 Dungeon Crawl Stone Soup version 0.29.1-15-g9cfb28693d (webtiles) character file.

Game seed: 15556784131519947902

135 Heoruswealwe the Magician (level 4, 0/24 HPs)
             Began as a Deep Elf Earth Elementalist on Apr 18, 2023.
             Was a Believer of Elyvilon.
             Killed by divine providence
             ... invoked by an orc priest
              (13 damage)
             ... on level 3 of the Dungeon.
             The game lasted 00:20:29 (1935 turns).

Heoruswealwe the Magician (DEEE)                    Turns: 1935, Time: 00:20:29

Health: 0/24       AC:  3    Str:  5    XL:     4   Next: 97%
Magic:  9/13       EV: 12    Int: 22    God:    Elyvilon [**....]
Gold:   139        SH:  0    Dex: 15    Spells: 3/13 levels left

rFire   . . .      SeeInvis .   b - +5 short sword
rCold   . . .      Faith    .   (no shield)
rNeg    . . .      Spirit   .   c - +0 robe
rPois   .          Reflect  .   (no helmet)
rElec   .          Harm     .   (no cloak)
rCorr   .          Rampage  .   (no gloves)
Will    .....                   e - +0 pair of boots
Stlth   ++........              (no amulet)
HPRegen 0.08/turn               (no ring)
MPRegen 0.13/turn               (no ring)

@: no status effects
A: no striking features
a: Renounce Religion, Purification, Heal Other


You were on level 3 of the Dungeon.
You worshipped Elyvilon.
Elyvilon was pleased with you.
You visited 1 branch of the dungeon, and saw 3 of its levels.

You collected 139 gold pieces.

Inventory:

Hand Weapons
 b - a +5 short sword (weapon)
Armour
 c - a +0 robe (worn)
 e - a +0 pair of boots (worn)
Scrolls
 d - 4 scrolls of identify {unknown}
 f - a scroll of magic mapping {unknown}
 h - a scroll of silence {unknown}
 j - a scroll of teleportation {unknown}
 o - a scroll of enchant weapon {unknown}
 p - a scroll of summoning {unknown}
 q - a scroll of fear {unknown}
Potions
 a - a potion of berserk rage {unknown}
 g - a potion of mutation {unknown}
 i - 2 potions of degeneration {unknown}
 k - a potion of curing {unknown}
 l - a potion of might {unknown}
 m - a potion of magic
 n - a potion of ambrosia {unknown}
 r - a potion of flight {unknown}


   Skills:
 - Level 2.4 Dodging
 - Level 2.4 Stealth
 + Level 5.4 Spellcasting
 - Level 1.1 Transmutations
 + Level 5.0 Earth Magic


You had 3 spell levels left.
You knew the following spells:

 Your Spells              Type           Power      Damage    Failure   Level
a - Sandblast             Erth           56%        2d13      1%          1
b - Stone Arrow           Conj/Erth      32%        3d9       11%         3
c - Petrify               Tmut/Erth      19%        N/A       28%         4
z - Passwall              Tmut/Erth      15%        N/A       4%          2

Your spell library contained the following spells:

 Spells                   Type           Power      Damage    Failure   Level


Dungeon Overview and Level Annotations

Branches:
Dungeon (3/15)

Altars:
Elyvilon

Shops:
D:2 [


Message History

The blast of sand hits the adder!
You kill the adder!
Your magical contamination has completely faded away.
You can't see any susceptible monsters within range! (Use Z to cast anyway.)
The blast of sand hits the quokka.
The quokka is almost dead.
The blast of sand hits the quokka.
You kill the quokka!
Your Earth Magic skill increases to level 5!
A goblin comes into view. It is wielding a +0 dagger.
The goblin shouts!
The blast of sand misses the goblin.
The blast of sand hits the goblin!
You kill the goblin!
You now have 131 gold pieces (gained 12).
Things that are here:
a +0 dagger; a goblin corpse
Found 8 gold pieces.
You now have 139 gold pieces (gained 8).
Found a stone staircase leading down.
Found a club and a sapphire potion.
You see here a +0 club.
r - a sapphire potion An orc comes into view.
It is wielding a +0 hand axe.
An orc comes into view. It is wielding a +0 short sword.
An orc priest comes into view. It is wielding a +0 mace.
The blast of sand misses the orc.
The orc shouts!
You hear a shout!
An orc wizard comes into view. It is wielding a +0 dagger.
The blast of sand hits the orc but does no damage.
The blast of sand hits the orc!!
You kill the orc!
The orc priest calls down the wrath of Beogh upon you.
Beogh smites you!
The blast of sand hits the orc priest!
The orc priest is almost dead.
The orc priest mumbles some strange prayers to Beogh against you.
Beogh smites you!
Ouch! That really hurt!
You die...

###......... #......#..
#......##. #.....)##.
####.####. #.......
#.......
..###############.......
..ooo.)@................
..###############.......
#....... ########


You could see an orc priest, an orc wizard and an orc.

Vanquished Creatures
  Terence (D:2)
  3 adders
  4 worms
  3 dart slugs
  An orc (D:3)
  5 bats
  9 endoplasms
  2 giant cockroaches
  6 hobgoblins
  13 kobolds
  5 quokkas
  4 ball pythons
  A frilled lizard (D:3)
  3 goblins
  5 rats
65 creatures vanquished.

Vanquished Creatures (others)
  8 plants (D:2)
  13 withered plants (D:2)
21 creatures vanquished.

Grand Total: 86 creatures vanquished

Notes
Turn   | Place    | Note
-------+----------+-------------------------------------------
     0 | D:1      | Heoruswealwe the Deep Elf Earth Elementalist began the
                  | quest for the Orb.
     0 | D:1      | Reached XP level 1. HP: 10/10 MP: 6/6
    70 | D:1      | Reached XP level 2. HP: 15/15 MP: 2/8
    74 | D:1      | Learned a level 2 spell: Passwall
   237 | D:1      | Reached XP level 3. HP: 10/19 MP: 0/10
   241 | D:1      | Learned a level 3 spell: Stone Arrow
   550 | D:2      | Found a faded altar of an unknown god.
   627 | D:2      | Prayed at the altar of an unknown god.
   627 | D:2      | Became a worshipper of Elyvilon the Healer
   627 | D:2      | Reached * piety under Elyvilon
  1126 | D:2      | Reached ** piety under Elyvilon
  1154 | D:2      | Found Xoaff's Antique Armour Emporium.
  1159 | D:2      | Reached XP level 4. HP: 24/24 MP: 7/12
  1167 | D:2      | Learned a level 4 spell: Petrify
  1280 | D:2      | Noticed Terence
  1287 | D:2      | Killed Terence
  1288 | D:2      | Reached skill level 5 in Spellcasting
  1839 | D:3      | Reached skill level 5 in Earth Magic
  1935 | D:3      | Killed from afar by an orc priest

Illustrated notes

Levels and vault maps discovered:
D:1:      dpeg_arrival_shrine, layout_rooms
D:2:      layout_loops_corners, serial_shops, nicolae_shop_stone,
          shapermc_ecumenical_altar_flowoftime, uniq_terence
D:3:      layout_rooms

Skill      XL: |  1  2  3  4 |
---------------+-------------+-----
Spellcasting   | 4 5 |  5.4
Earth Magic    | 4 5 |  5.0
Dodging        | |  2.4
Stealth        | |  2.4
Transmutations | |  1.1

Action                   |  1- 3 |  4- 6 || total
-------------------------+-------+-------++-------
Melee: Short sword       |    68 |     1 ||    69
       Punch             |     2 |       ||     2
 Cast: Sandblast         |    59 |    34 ||    93
Armor: Robe              |     4 |     2 ||     6
Dodge: Dodged            |    16 |     3 ||    19
